 Dungeon Crawl Stone Soup version 0.30-a0-476-g330ca2eb8e (webtiles) character file.

Game seed: 13338954016987227992

20 tilp the Covered (level 3, -5/31 HPs)
             Began as a Meteoran Fighter on Dec 21, 2022.
             Killed from afar by Terence (10 damage)
             ... with a bolt of light
             ... on level 3 of the Dungeon.
             The game lasted 00:01:37 (296 turns).

tilp the Covered (Meteoran Fighter)                  Turns: 296, Time: 00:01:37

Health: -5/31      AC:  7    Str: 18    XL:     3   Next: 14%
Magic:  4/4        EV:  9    Int:  9    God:
Gold:   32         SH:  5    Dex: 15    Spells: 2/2 levels left

rFire   . . .      SeeInvis .    a - +0 long sword
rCold   . . .      Faith    .    c - +0 buckler
rNeg    . . .      Spirit   .    b - +0 scale mail
rPois   .          Reflect  .    (no helmet)
rElec   .          Harm     .    (no cloak)
rCorr   .          Rampage  .    (no gloves)
Will    .....                    (no boots)
Stlth   ..........               (no amulet)
HPRegen 0.25/turn                (no ring)
MPRegen 0.09/turn                (no ring)

@: mighty, glowing
A: sense surroundings 1, otherworldly, glowing, explore regen
a: no special abilities


You were on level 3 of the Dungeon.
You visited 1 branch of the dungeon, and saw 3 of its levels.

You collected 32 gold pieces.

Inventory:

Hand Weapons
 a - a +0 long sword (weapon)
Missiles
 e - 18 stones (quivered)
Armour
 b - a +0 scale mail (worn)
 c - a +0 buckler (worn)
Scrolls
 f - a scroll of noise {unknown}


   Skills:
 + Level 3.4 Fighting
 + Level 2.6 Long Blades
 + Level 3.7 Armour
 * Level 1.7 Dodging
 + Level 0.2 Stealth
 + Level 3.7 Shields


You had 2 spell levels left.
You didn't know any spells.
Your spell library was empty.

Dungeon Overview and Level Annotations

Branches:
Dungeon (3/15) Zot: 1483

Altars:

Annotations:
D:3 Robin, Terence


Innate Abilities, Weirdness & Mutations

You passively map a small area around you.
You are easily found by Zot.
You glow in the dark.
You regain HP and MP as you explore.


Message History

The hobgoblin hits you but does no damage.
You hit the hobgoblin.
You kill the hobgoblin!
No target in view!
Items here: ))) †.
Found a scroll labelled OGRAGU NOUVU and 13 gold pieces.
You hear the slow rusting of a drain nearby.
f - a scroll labelled OGRAGU NOUVU You open the door.
Found a flail.
There is an open door here.
Found an escape hatch in the ceiling.
Terence the Incautious comes into view.
He is wielding a +0 falchion and carrying a wand of light (11).
Terence shouts!
You feel very mighty all of a sudden.
Throw: 20 stones
Press: ? - help, Q - select action Shift-Dir - straight line, f - Terence
Aim: Terence, wielding a +0 falchion, wearing a +0 chain mail and carrying a wand of light (11) (67% to hit)
You throw a stone. The stone closely misses Terence.
Terence zaps a wand.
The bolt of light hits you!
Throw: 19 stones
Press: ? - help, Q - select action Shift-Dir - straight line, f/p - Terence
Aim: Terence, wielding a +0 falchion, wearing a +0 chain mail and carrying a wand of light (10) (67% to hit)
You throw a stone. The stone closely misses Terence.
Unknown command.
You hit Terence but do no damage. Terence barely misses you.
You block Terence's attack.
You slash Terence!
Terence is heavily wounded.
Terence zaps a wand.
The bolt of light hits you!
You are confused.
* * * LOW HITPOINT WARNING * * *
You hit Terence.
Terence is severely wounded.
Terence hits you with a +0 falchion.
* * * LOW HITPOINT WARNING * * *
Terence hits you but does no damage.
You feel less confused.
Terence zaps a wand.
The bolt of light hits you!
You die...

#.#.## #....# ,
.#.#.###* * #....#
* #.#.#.. ,,+....+
.#.#.######
*#....#** ,
#.#.......# #....#
* .#.#......#
#....# *
#.#.......####@.).#
.#.#......'.......#
*
#.#+......###...@.#
, .# #......#
#.....# , ,
#,#.####### #.....#
, , ,#.#, ,......##
#.#+ , ......<.# .#
*< ........#* . , *
........#
*........# ,


You could see Terence.

Vanquished Creatures
  5 goblins
  3 hobgoblins
  2 kobolds
  5 bats
  A frilled lizard (D:1)
16 creatures vanquished.

Notes
Turn   | Place    | Note
-------+----------+-------------------------------------------
     0 | D:1      | tilp the Meteoran Fighter began the quest for the Orb.
     0 | D:1      | Reached XP level 1. HP: 19/19 MP: 2/2
    97 | D:1      | Reached XP level 2. HP: 26/26 MP: 3/3
   115 | D:2      | Reached skill level 1 in Dodging
   236 | D:3      | Noticed Robin
   262 | D:3      | Reached XP level 3. HP: 31/31 MP: 4/4
   287 | D:3      | Noticed Terence
   296 | D:3      | Killed from afar by Terence

Illustrated notes

Levels and vault maps discovered:
D:1:      dpeg_arrival_rhombus, layout_basic, hex_large,
          chequers_serial_rivers_large_a, minmay_misc_feat_hallway
D:2:      layout_basic
D:3:      layout_basic, lemuel_doored_altar, nicolae_ashenzari_skybound,
          cheibrodos_sewer_entry_sluice, uniq_natasha, uniq_terence, uniq_robin

Skill      XL: |  1  2 |
---------------+-------+-----
Dodging        | 1 |  1.7
Fighting       | |  3.4
Long Blades    | |  2.6
Armour         | |  3.7
Stealth        | |  0.2
Shields        | |  3.7

Action                   || total
-------------------------++-------
Melee: Long sword        ||    60
Throw: Stone             ||     2
  Use: Potion            ||     1
Armor: Scale mail        ||    44
Dodge: Dodged            ||    36
Block: Buckler           ||    17

Table legend: (Time is in decaauts)
 A = Elapsed time spent in this place.
 B = Non-inter-level travel time spent in this place.
 C = Inter-level travel time spent in this place.
 D = Time resting spent in this place.
 E = Time spent auto-exploring this place.
 F = Levels seen in this place.
 G = Mean time per level.
                   A        B        C        D        E       F      G
               +--------+--------+--------+--------+--------+-----+--------+
         Total |    315 |    315 |      0 |      0 |      0 |   3 |  105.0 |
       Dungeon |    315 |    315 |      0 |      0 |      0 |   3 |  105.0 |
               +--------+--------+--------+--------+--------+-----+--------+

Top non-repeatable levels by time:
     D:2: 127 daAuts
     D:1: 118 daAuts
     D:3: 69 daAuts
